 Dungeon Crawl Stone Soup version 0.23-a0-143-g1adec7b (webtiles) character file.

65142 Aydz the Severer (level 14, -18/132 HPs)
             Began as a Minotaur Berserker on Aug 31, 2018.
             Was a High Priest of Trog.
             Demolished by a titanic slime creature (73 damage)
             ... on level 13 of the Dungeon.
             The game lasted 01:21:42 (25582 turns).

Aydz the Severer (Minotaur Berserker)              Turns: 25582, Time: 01:21:43

Health: -18/132    AC: 16    Str: 21    XL:     14   Next: 74%
Magic:  0/13       EV: 20    Int:  6    God:    Trog [*****.]
Gold:   409        SH:  4    Dex: 31    Spells: 13/13 levels left

rFire    . . .     SeeInvis +   p - +5 executioner's axe (flame)
rCold    . . .     Gourm    .   (shield currently unavailable)
rNeg     + . .     Faith    .   k - +1 chain mail "Bimmogadgh" {Dex+6 Stlth-}
rPois    .         Spirit   +   z - +2 hat of the Bear Spirit {Spirit, +Rage rN+ MR++}
rElec    .         Reflect  +   (no cloak)
rCorr    .         Harm     .   (no gloves)
MR       +++++                  (no boots)
Stlth    ..........             w - amulet of Volef {Reflect Int+2 Dex+5 SH+4}
HPRegen  1.32/turn              x - +4 ring of dexterity
MPRegen  0.13/turn              s - ring of see invisible

@: regenerating
A: retaliatory headbutt, horns 2
a: Berserk, Trog's Hand, Brothers in Arms, Renounce Religion, Evoke Berserk Rage


You were on level 13 of the Dungeon.
You worshipped Trog.
Trog was extremely pleased with you.
You were near starving.

You visited 3 branches of the dungeon, and saw 21 of its levels.
You also visited: Volcano.

You collected 2384 gold pieces.
You spent 1975 gold pieces at shops.

Inventory:

Hand Weapons
 p - a +5 executioner's axe of flaming (weapon)
Armour
 k - the +1 chain mail "Bimmogadgh" (worn) {Dex+6 Stlth-}
   (You found it on level 13 of the Dungeon)

   It affects your dexterity (+6).
   It makes you less stealthy.
 z - the +2 hat of the Bear Spirit (worn) {Spirit, +Rage rN+ MR++}
   (You bought it in a shop on level 8 of the Dungeon)

   It protects you from negative energy.
   It affects your resistance to hostile enchantments.
   It lets you go berserk.
 B - a +2 scale mail of fire resistance
 F - the +18 shield of the Gong {rElec rN+ MR+ EV-5}
   (You found it on level 2 of the Lair of Beasts)

   It affects your evasion (-5).
   It insulates you from electricity.
   It protects you from negative energy.
   It affects your resistance to hostile enchantments.
 O - a +0 scale mail of poison resistance
Jewellery
 l - an uncursed ring of positive energy
 s - a ring of see invisible (right hand)
 w - the amulet of Volef (around neck) {Reflect Int+2 Dex+5 SH+4}
   (You acquired it on level 6 of the Lair of Beasts)

   [amulet of reflection]

   It shields you and reflects attacks.
   It affects your intelligence (+2).
   It affects your dexterity (+5).
   It affects your SH (+4).
 x - a +4 ring of dexterity (left hand)
 D - an uncursed ring of flight
 J - an uncursed ring of protection from fire
 K - an uncursed ring of resist corrosion
 M - the ring "Eclimm" {*Slow Str+5 Int+4}
   (You found it on level 6 of the Lair of Beasts)

   [ring of strength]

   It affects your strength (+5).
   It affects your intelligence (+4).
   It may slow you when you take damage.
Wands
 d - a wand of disintegration (11)
 h - a wand of enslavement (27)
 y - a wand of acid (10)
 H - a wand of polymorph (16)
 L - a wand of iceblast (9)
 N - a wand of digging (16)
Scrolls
 e - 6 scrolls of enchant armour
 g - 7 scrolls of teleportation
 j - 13 scrolls of remove curse
 q - 3 scrolls of fog
 r - 6 scrolls of magic mapping
 v - a scroll of immolation
 A - 5 scrolls of identify
 E - a scroll of blinking
Potions
 a - 4 potions of lignification
 b - 3 potions of berserk rage
 f - 3 potions of brilliance
 i - 4 potions of heal wounds
 n - 17 potions of curing
 o - 2 potions of ambrosia
 t - a potion of might
 u - a potion of magic
 C - 2 potions of haste
 G - 2 potions of resistance
 I - a potion of agility
 P - 2 potions of flight
Comestibles
 c - 26 rations


   Skills:
 + Level 14.1 Fighting
 * Level 18.8 Axes
 + Level 13.9 Armour
 + Level 12.9 Dodging


You had 13 spell levels left.
You didn't know any spells.
Your spell library contained the following spells:

 Spells                   Type           Power        Failure   Level  Hunger
 Animate Skeleton         Necr           N/A          95%         1    ##.....
 Corona                   Hex            #......      95%         1    ##.....
 Pain                     Necr           #...         95%         1    ##.....
 Summon Small Mammal      Summ           #...         95%         1    ##.....
 Call Imp                 Summ           #.......     99%         2    ###....
 Slow                     Hex            #.......     99%         2    ###....
 Call Canine Familiar     Summ           #.......     100%        3    ####...
 Inner Flame              Hex/Fire       #.......     100%        3    ####...
 Portal Projectile        Hex/Tloc       #.....       100%        3    ####...
 Recall                   Summ/Tloc      N/A          100%        3    ####...
 Regeneration             Chrm/Necr      #.........   100%        3    ####...
 Summon Guardian Golem    Hex/Summ       #.......     100%        3    ####...
 Vampiric Draining        Necr           #.........   100%        3    ####...
 Animate Dead             Necr           N/A          100%        4    #####..
 Cause Fear               Hex            #.........   100%        4    #####..
 Leda's Liquefaction      Hex/Erth       #.........   100%        4    #####..
 Summon Ice Beast         Ice/Summ       #.......     100%        4    #####..
 Summon Lightning Spire   Summ/Air       #.......     100%        4    #####..
 Borgnjor's Vile Clutch   Necr/Erth      #.........   100%        5    ######.
 Silence                  Hex/Air        #.........   100%        5    ######.
 Yara's Violent Unravell  Hex/Tmut       #.........   100%        5    ######.
 Death Channel            Necr           #.........   100%        6    #######
 Deflect Missiles         Chrm/Air       #.........   100%        6    #######
 Simulacrum               Ice/Necr       #.........   100%        6    #######
 Discord                  Hex            #.........   100%        8    #######


Dungeon Overview and Level Annotations

Branches:
Dungeon (13/15)            Temple (0/1) D:5            Lair (6/6) D:9
  Swamp (0/4) Lair:4        Snake (0/4) Lair:4        Slime (0/5) Lair:5
    Orc (2/2) D:12            Elf (0/3) Orc:2        Vaults (0/5) D:13

Altars:
Cheibriados
Elyvilon
Makhleb
Nemelex Xobeh
Qazlal
Sif Muna
Uskayaw
Vehumet
Zin
Jiyva

Shops:
D:4 *   D:8 [   Orc:2 }}:?%[!(

Annotations:
D:3 1 runed door


Innate Abilities, Weirdness & Mutations

You reflexively headbutt those who attack you in melee.
You have a pair of horns on your head.


Message History

Your skin crawls.
You feel resistant to hostile enchantments.
You are near starving!
The titanic slime creature closely misses you.
You furiously retaliate!
You headbutt the titanic slime creature!
You hit the titanic slime creature. You burn the titanic slime creature.
Your headbutt misses the titanic slime creature.
The titanic slime creature is almost dead.
The titanic slime creature hits you!!
You hit the titanic slime creature. You burn the titanic slime creature.
You headbutt the titanic slime creature.
The titanic slime creature is almost dead.
The titanic slime creature closely misses you.
You slash the titanic slime creature! You burn the titanic slime creature.
The titanic slime creature is almost dead.
The titanic slime creature hits you!!!!
* * * LOW MAGIC WARNING * * *
Ouch! That really hurt!
You die...

##......###.####.#
.'......# #.# #.#
.#......# #.# #.#
.#......# #.# #.#
.#......# #.# #.#
.######## #.# #.#
.######## #( #.#
........# #.#
......[.# #@#
........### #J#
......)...# ..#
........#.# #..#
###.....#### #..#
#..........# #..#
#.#........# #..#
#..........# #..#
#..........##


You could see a titanic slime creature.

Vanquished Creatures
  Nessos (Lair:6)
  6 dire elephants (Lair:6)
  Snorg (D:11)
  An ice dragon (Lair:6)
  Harold (D:8)
  A catoblepas (Lair:3)
  9 hydras
  An anaconda (Lair:6)
  A two-headed ogre (D:11)
  Erica (D:8)
  The ghost of Annan the Basher, a novice DrAE of Cheibriados (D:9)
  5 orc high priests (Orc:2)
  Urug (Orc:1)
  An unseen horror (D:12)
  A lindwurm (Volcano)
  Pikel (D:4)
  4 orc knights
  A cyclops (Orc:1)
  A cyclops (shapeshifter) (D:13)
  A manticore (D:12)
  3 black mambas
  8 elephants (Lair:6)
  8 spiny frogs
  3 molten gargoyles (Volcano)
  A torpor snail (Lair:4)
  A gargoyle (D:13)
  2 efreet (Volcano)
  4 rime drakes
  6 komodo dragons
  A troll (D:9)
  A polar bear (Lair:6)
  A hornet (D:12)
  3 bog bodies (Lair:4)
  9 blink frogs
  8 hippogriffs
  A spriggan (shapeshifter) (D:13)
  A wyvern (Lair:2)
  Eustachio (D:4)
  38 yaks
  4 basilisks
  A human (D:8)
  A steam dragon (Lair:4)
  2 hungry ghosts
  3 fire elementals (Volcano)
  A neqoxec (D:9)
  3 wargs (Orc:2)
  2 soldier ants (D:12)
  2 nagas (Lair:4)
  A swamp worm (Lair:4)
  Edmund (D:4)
  10 water moccasins
  24 orc warriors
  13 porcupines
  An ice beast (D:9)
  An eye of draining (shapeshifter) (D:13)
  A black bear (D:10)
  A sky beast (D:9)
  A phantom (D:6)
  4 centaurs
  13 wolves
  7 ogres
  8 crocodiles
  3 big kobolds
  16 bullfrogs
  2 wyvern zombies
  3 earth elementals (Volcano)
  4 scorpions
  3 killer bees (D:8)
  3 wights (D:9)
  3 electric eels
  5 howler monkeys
  A centaur zombie (D:6)
  4 crimson imps
  14 jellies
  3 quasits (D:9)
  A bullfrog zombie (D:5)
  5 hounds
  8 orc wizards
  30 orc priests
  2 bullfrog skeletons (D:11)
  3 centaur skeletons
  Ijyb (D:4)
  3 iguanas
  5 worker ants
  A mummy (D:5)
  A howler monkey zombie (D:7)
  Robin (D:4)
  3 gnolls
  17 adders
  3 shadow imps
  2 white imps (Lair:6)
  7 oozes
  An adder skeleton (D:7)
  An adder zombie (D:9)
  6 worms
  A dart slug (D:1)
  6 leopard geckos
  59 orcs
  A giant cockroach (D:3)
  12 goblins
  8 hobgoblins
  13 jackals
  2 quokkas
  A ball python (D:8)
  7 bats
  16 frilled lizards
  32 kobolds
  2 quokka skeletons (D:9)
  11 rats
  3 fire vortices (Volcano)
  7 fungi
  6 plants
597 creatures vanquished.

Vanquished Creatures (collateral kills)
  Erolcha (Orc:1)
  An orc high priest (Orc:2)
  An orc knight (Orc:2)
  4 oklob plants (Lair:4)
  2 orc sorcerers
  A troll (Orc:1)
  8 orc warriors (Orc:2)
  A big kobold (D:8)
  4 orc priests
  2 orc wizards (Orc:2)
  15 orcs
  2 kobolds (D:8)
42 creatures vanquished.

Vanquished Creatures (others)
  An orc warrior (Orc:2)
  An unseen horror (D:12)
  A lindwurm (Volcano)
  A big kobold (D:11)
  A bullfrog (Lair:2)
  A centaur zombie (D:12)
  2 orc priests
  A white imp (Lair:6)
  A jackal (D:2)
  A rat (D:2)
  A fire vortex (Volcano)
  6 fungi
  9 plants
27 creatures vanquished.

Grand Total: 666 creatures vanquished

Notes
Turn   | Place    | Note
-------+----------+-------------------------------------------
     0 | D:1      | Aydz the Minotaur Berserker began the quest for the Orb.
     0 | D:1      | Reached XP level 1. HP: 19/19 MP: 0/0
   216 | D:1      | Reached XP level 2. HP: 27/27 MP: 1/1
   220 | D:1      | Reached skill level 4 in Axes
   403 | D:1      | Reached ** piety under Trog
  1137 | D:2      | Reached XP level 3. HP: 15/33 MP: 2/2
  1575 | D:2      | Found a faded altar of an unknown god.
  1587 | D:2      | Reached XP level 4. HP: 35/40 MP: 3/3
  1685 | D:2      | Found a white marble altar of Elyvilon.
  2375 | D:3      | Found a glowing silver altar of Zin.
  2382 | D:3      | Reached skill level 5 in Axes
  2410 | D:3      | Found a runed door.
  2410 | D:3      | Noticed an angel
  2722 | D:3      | Reached XP level 5. HP: 40/47 MP: 4/4
  3464 | D:4      | Noticed Edmund
  3478 | D:4      | Killed Edmund
  3478 | D:4      | Reached skill level 5 in Fighting
  3478 | D:4      | Reached skill level 6 in Axes
  3478 | D:4      | Reached XP level 6. HP: 56/56 MP: 5/5
  3832 | D:4      | Noticed Robin
  3863 | D:4      | Killed Robin
  3950 | D:4      | Noticed Eustachio
  3961 | D:4      | Killed Eustachio
  3961 | D:4      | Reached XP level 7. HP: 48/61 MP: 6/6
  4165 | D:4      | Reached skill level 7 in Axes
  4467 | D:4      | Found Vyobbevve's Assorted Antiques.
  4473 | D:4      | Bought a grey potion for 15 gold pieces
  4473 | D:4      | Bought a shiny brass ring for 85 gold pieces
  4473 | D:4      | Bought a square steel amulet for 85 gold pieces
  4485 | D:4      | Noticed Ijyb
  4500 | D:4      | Killed Ijyb
  4553 | D:4      | Noticed Pikel
  4560 | D:4      | Killed Pikel
  4560 | D:4      | Reached skill level 8 in Axes
  4560 | D:4      | Reached skill level 5 in Armour
  4560 | D:4      | Reached skill level 5 in Dodging
  4560 | D:4      | Reached XP level 8. HP: 71/71 MP: 7/7
  4638 | D:5      | Entered Level 5 of the Dungeon
  4650 | D:5      | Found a snail-covered altar of Cheibriados.
  4755 | D:5      | Found a staircase to the Ecumenical Temple.
  4820 | D:5      | Found a hide-covered altar of Uskayaw.
  5282 | D:5      | Found a sparkling altar of Nemelex Xobeh.
  5991 | D:6      | You fall through a shaft!
  6107 | D:7      | Reached skill level 9 in Axes
  6334 | D:7      | Found a burning altar of Makhleb.
  7327 | D:7      | Noticed a hippogriff
  7338 | D:7      | Killed a hippogriff
  7338 | D:7      | Reached XP level 9. HP: 54/79 MP: 8/8
  7574 | D:8      | Found a radiant altar of Vehumet.
  7580 | D:8      | Noticed Erica
  7596 | D:8      | Killed Erica
  7596 | D:8      | Reached skill level 10 in Axes
  7706 | D:8      | Reached *** piety under Trog
  7871 | D:8      | Noticed Harold
  7887 | D:8      | Killed Harold
  7887 | D:8      | Reached skill level 11 in Axes
  8161 | D:8      | Reached XP level 10. HP: 81/90 MP: 9/9
  8423 | D:8      | Found Bareps's Armour Emporium.
  9159 | D:9      | Reached skill level 12 in Axes
  9175 | D:9      | Noticed Annan's ghost (novice DrAE)
  9179 | D:9      | Found a transporter.
  9310 | D:9      | Found a viscous altar of Jiyva.
  9321 | D:9      | Found a transporter.
  9929 | D:9      | Found a staircase to the Lair.
 10025 | D:9      | Killed Annan's ghost
 10209 | D:10     | Entered Level 10 of the Dungeon
 10532 | D:10     | Reached XP level 11. HP: 98/99 MP: 10/10
 10536 | D:10     | Reached **** piety under Trog
 10687 | D:10     | Reached skill level 13 in Axes
 10702 | D:10     | Reached skill level 10 in Fighting
 10921 | D:8      | Bought the +2 hat of the Bear Spirit {Spirit, +Rage rN+
                  | MR++} for 430 gold pieces
 10921 | D:8      | Found the +2 hat of the Bear Spirit {Spirit, +Rage rN+
                  | MR++}
 11249 | D:10     | Identified a scroll of acquirement
 11295 | D:11     | Received a gift from Trog
 11437 | D:11     | Found a stormy altar of Qazlal.
 11437 | D:11     | Noticed Snorg
 11448 | D:11     | Killed Snorg
 11670 | D:11     | Found a deep blue altar of Sif Muna.
 11842 | D:11     | Noticed a two-headed ogre
 11891 | D:11     | Killed a two-headed ogre
 11891 | D:11     | Reached skill level 10 in Armour
 12024 | D:12     | Noticed a four-headed hydra
 12038 | D:12     | Killed a four-headed hydra
 12379 | D:12     | Reached skill level 14 in Axes
 12452 | D:12     | Noticed an unseen horror
 12454 | D:12     | Banished an unseen horror
 12562 | D:12     | Found a staircase to the Orcish Mines.
 12778 | D:12     | Noticed an unseen horror
 12780 | D:12     | Killed an unseen horror
 12905 | D:12     | Noticed an orc knight
 13466 | D:13     | Got a faintly humming chain mail
 13477 | D:13     | Identified the cursed +1 chain mail "Bimmogadgh" {Dex+6
                  | Stlth-} (You found it on level 13 of the Dungeon)
 13516 | D:13     | Noticed a fire crab
 13563 | D:13     | Found a gate to the Vaults.
 13617 | Lair:1   | Entered Level 1 of the Lair of Beasts
 13647 | Lair:1   | Noticed a four-headed hydra
 13656 | Lair:1   | Killed a four-headed hydra
 13656 | Lair:1   | Reached skill level 10 in Dodging
 13656 | Lair:1   | Reached XP level 12. HP: 70/110 MP: 6/11
 14260 | Lair:1   | Got a smoking robe
 14261 | Lair:1   | Identified the +1 robe of Eternal Vigilance {+Fly Int+3}
                  | (You found it on level 1 of the Lair of Beasts)
 14711 | Lair:2   | Reached skill level 15 in Axes
 15434 | Lair:2   | Found the +18 shield of the Gong {rElec rN+ MR+ EV-5}
 15841 | Lair:3   | Noticed a catoblepas
 15853 | Lair:3   | Killed a catoblepas
 16753 | Lair:3   | Noticed a six-headed hydra
 16759 | Lair:3   | Killed a three-headed hydra
 17151 | Lair:4   | Reached skill level 16 in Axes
 17168 | Lair:4   | Found a staircase to the Snake Pit.
 17559 | Lair:4   | Reached ***** piety under Trog
 17559 | Lair:4   | Reached XP level 13. HP: 96/118 MP: 9/12
 18041 | Lair:4   | Found a runed door.
 18662 | Lair:4   | Found a staircase to the Swamp.
 18984 | Lair:5   | Found a dark tunnel.
 19166 | Volcano  | Entered a volcano
 19488 | Volcano  | Reached skill level 17 in Axes
 19877 | Lair:5   | Found a staircase to the Slime Pits.
 20700 | Lair:6   | Entered Level 6 of the Lair of Beasts
 20970 | Lair:6   | Got a steaming ruby amulet
 20971 | Lair:6   | Identified the amulet of Volef {Reflect Int+2 Dex+5 SH+4}
                  | (You acquired it on level 6 of the Lair of Beasts)
 20980 | Lair:6   | Noticed Nessos
 20999 | Lair:6   | Killed Nessos
 21570 | Lair:6   | Reached XP level 14. HP: 105/129 MP: 9/13
 22645 | Lair:6   | Reached skill level 18 in Axes
 22697 | Lair:6   | Got a brightly glowing silver ring
 22699 | Lair:6   | Identified the ring "Eclimm" {*Slow Str+5 Int+4} (You found
                  | it on level 6 of the Lair of Beasts)
 23242 | Orc:1    | Entered Level 1 of the Orcish Mines
 23255 | Orc:1    | Noticed Erolcha
 23258 | Orc:1    | Killed Erolcha
 23336 | Orc:1    | Noticed Urug
 23343 | Orc:1    | Killed Urug
 23764 | Orc:2    | Entered Level 2 of the Orcish Mines
 23765 | Orc:2    | Found Lyro's Antique Weapon Shop.
 23772 | Orc:2    | Found a staircase to the Elven Halls.
 23869 | Orc:2    | Found Ciha's Distillery.
 23877 | Orc:2    | Bought 3 potions of curing for 117 gold pieces
 23877 | Orc:2    | Bought a potion of flight for 39 gold pieces
 23877 | Orc:2    | Bought a potion of curing for 39 gold pieces
 23877 | Orc:2    | Bought a potion of haste for 130 gold pieces
 23877 | Orc:2    | Bought a potion of flight for 39 gold pieces
 24254 | Orc:2    | Found Jiab's Gadget Shop.
 24668 | Orc:2    | Found Ufomein's Antique Armour Emporium.
 24986 | Orc:2    | Found Funo Meh's Gadget Emporium.
 24989 | Orc:2    | Found Ucuj Qeom's Magic Scroll Emporium.
 24990 | Orc:2    | Found Igosem's Food Emporium.
 24991 | Orc:2    | Found Seot's Book Shoppe.
 25235 | Orc:2    | Bought a spiked chain mail for 228 gold pieces
 25235 | Orc:2    | Bought a warped chain mail for 228 gold pieces
 25246 | Orc:2    | Identified the +1 chain mail "Laref" {Int+4} (You bought it
                  | in a shop on level 2 of the Orcish Mines)
 25256 | Orc:2    | Identified the +3 chain mail "Xeneej" {rN+ Int+4} (You
                  | bought it in a shop on level 2 of the Orcish Mines)
 25357 | Orc:2    | Bought a scroll of enchant weapon for 135 gold pieces
 25357 | Orc:2    | Bought a scroll of enchant armour for 135 gold pieces
 25357 | Orc:2    | Bought a scroll of enchant weapon for 135 gold pieces
 25357 | Orc:2    | Bought a scroll of enchant armour for 135 gold pieces
 25582 | D:13     | Demolished by a titanic slime creature

Vault maps used:
D:1:      lightli_arrival_maybe_door_vault, minmay_gold_behind_fungi,
          minmay_lizard_pond
D:2:      chequers_ecumenical_altar_simple, grunt_ministairs_8, hex_medium,
          elyvilon_altar_4
D:3:      first_ration, lemuel_angel_altar
D:4:      serial_shops, shop_fountains, minmay_misc_feat_iff, uniq_eustachio,
          uniq_edmund, uniq_pikel, uniq_robin, uniq_ijyb
D:5:      eat_drink_and_be_merry_uskayaw, slow_altar_1,
          minmay_temple_entry_glass, nemelex_xobeh_ov_fountains_minmay
D:7:      kennysheep_little_box
D:8:      vehumet_crystals, serial_shops, nicolae_shop_waterfront,
          grunt_pizzeria, uniq_erica, uniq_harold
D:9:      david_lair_shrubbed, gammafunk_ghost_stat_death, jiyva_altar_1
D:11:     hangedman_feature_mirror, uniq_snorg
D:12:     david_orc_4, minmay_misc_feat_plants
D:13:     david_vaults_2, jmf_multi_god_temple2
Lair:1:   statuecave_lemuel
Lair:2:   nicolae_quartered_pool_little, lemuel_fruit_tree
Lair:3:   beast_lair_carwin_2
Lair:4:   nicolae_swamp_entry_splash_gauntlet, guppyfry_snake_entry_garden,
          pf_torpor_hydra, minmay_lair_oklob_chamber
Lair:5:   minmay_slime_entry_jelly_boxes, nicolae_volcano_entry_two_sided,
          grunt_megastairs_3, serial_bayou_shore_b, serial_bayou_shore_a,
          infiniplex_staircase_pool
Lair:6:   due_jungle_book, bobbens_ice_dragon_lair, uniq_nessos
Orc:1:    uniq_urug, uniq_erolcha
Orc:2:    st_orc_pillars, serial_shops, nicolae_shop_stone, shop,
          nicolae_shop_window_shopping, shop
Volcano:  volcano_aerie

Skill      XL: |  1  2  3  4  5  6  7  8  9 10 11 12 13 14 |
---------------+-------------------------------------------+-----
Axes           | 4 5 6 8 9 11 12 14 16 17 18 | 18.8
Fighting       | 4 5 6 7 8 9 11 12 13 14 | 14.1
Armour         | 3 4 5 6 8 9 10 11 13 | 13.9
Dodging        | 3 4 5 6 7 8 10 11 12 | 12.9

Action                   |  1- 3 |  4- 6 |  7- 9 | 10-12 | 13-15 || total
-------------------------+-------+-------+-------+-------+-------++-------
Melee: Hand axe          |    92 |   129 |   128 |       |       ||   349
       Headbutt          |    16 |    20 |    48 |   126 |   145 ||   355
       War axe           |       |       |    98 |   216 |       ||   314
       Executioner's axe |       |       |       |   291 |   441 ||   732
Invok: Trog's Hand       |     2 |     5 |     7 |    13 |    16 ||    43
       Berserk           |       |     2 |     3 |     6 |     6 ||    17
       Brothers in Arms  |       |       |       |       |     6 ||     6
Evoke: Wand              |       |       |     1 |    21 |    11 ||    33
  Use: Scroll            |       |    12 |     5 |    16 |     7 ||    40
       Potion            |       |     1 |       |       |       ||     1
 Stab: Petrified         |       |       |       |     5 |       ||     5
  Eat: Chunk             |     3 |     7 |    12 |    28 |    28 ||    78
       Ration            |       |     1 |     2 |     4 |     3 ||    10
Armor: Animal skin       |    10 |    29 |     2 |       |       ||    41
       Chain mail        |       |       |     8 |    71 |   130 ||   209
       Scale mail        |       |       |    46 |    95 |       ||   141
Dodge: Dodged            |    44 |    81 |   122 |   460 |   426 ||  1133
Block: Other             |       |       |       |       |    54 ||    54
       Reflection        |       |       |       |       |     6 ||     6

Table legend:
 A = Non-vault XP
 B = Vault XP
 C = Vault XP percentage of total XP
 D = Non-vault monster count
 E = Vault monster count
 F = Vault count percentage of total count
                 A         B        C        D         E       F
            +---------+---------+-------+---------+---------+-------
      Total |   61401 |   31660 |  34.0 |     447 |     182 |  28.9
            +---------+---------+-------+---------+---------+-------
        D:1 |      23 |       8 |  25.8 |      14 |       8 |  36.4
        D:2 |      87 |       3 |   3.3 |      25 |       2 |   7.4
        D:3 |     101 |       0 |   0.0 |      24 |       0 |   0.0
        D:4 |     342 |    1114 |  76.5 |      11 |      16 |  59.3
        D:5 |      57 |      18 |  24.0 |       2 |       1 |  33.3
        D:6 |     477 |       0 |   0.0 |      13 |       0 |   0.0
        D:7 |     723 |       0 |   0.0 |      16 |       0 |   0.0
        D:8 |     986 |    2095 |  68.0 |      31 |       3 |   8.8
        D:9 |    2261 |    1666 |  42.4 |      28 |       9 |  24.3
       D:10 |    2663 |       0 |   0.0 |      38 |       0 |   0.0
       D:11 |    2038 |    1134 |  35.8 |      19 |       1 |   5.0
       D:12 |    4669 |     759 |  14.0 |      33 |      17 |  34.0
       D:13 |     816 |     866 |  51.5 |       2 |       3 |  60.0
     Lair:1 |    2399 |       0 |   0.0 |      10 |       0 |   0.0
     Lair:2 |    3453 |       0 |   0.0 |      19 |       0 |   0.0
     Lair:3 |    6877 |     609 |   8.1 |      23 |       4 |  14.8
     Lair:4 |    8217 |    4295 |  34.3 |      31 |      15 |  32.6
     Lair:5 |    5193 |     924 |  15.1 |      17 |      17 |  50.0
     Lair:6 |   14696 |    4997 |  25.4 |      32 |       9 |  22.0
      Orc:1 |    2300 |    1326 |  36.6 |      19 |       2 |   9.5
      Orc:2 |    3023 |    8462 |  73.7 |      40 |      63 |  61.2
    Volcano |       0 |    3384 | 100.0 |       0 |      12 | 100.0
            +---------+---------+-------+---------+---------+-------
